 Seeded DCSS version 0.30-a0-242-g7bf8e6d787 (webtiles) character file.

Game seed: 6617275544464515907 (custom seed)

560 Iusername the Chopper (level 7, 0/44 (61) HPs)
             Began as a Minotaur Fighter on Oct 11, 2022.
             Slain by a wight
             ... wielding a +3 flail
              (1 damage)
             ... on level 5 of the Dungeon.
             The game lasted 00:04:03 (3210 turns).

Iusername the Chopper (Minotaur Fighter)            Turns: 3210, Time: 00:04:04

HP:   0/44 (61)     AC: 10    Str: 22    XL:     7   Next: 9%
MP:   6/6           EV: 10    Int:  5    God:
Gold: 249           SH:  0    Dex: 10    Spells: 6/6 levels left

rFire   . . .      SeeInvis .    a - +0 war axe
rCold   . . .      Faith    .    (no shield)
rNeg    . . .      Spirit   .    b - +0 scale mail
rPois   .          Reflect  .    (helmet restricted)
rElec   .          Harm     .    p - +2 cloak
rCorr   .          Rampage  .    (no gloves)
Will    .....                    (no boots)
Stlth   ..........               j - amulet of regeneration
HPRegen 1.07/turn                i - +4 ring of protection
MPRegen 0.10/turn                (no ring)

@: corroded, very heavily drained
A: horns 2, retaliatory headbutt
a: no special abilities


You were on level 5 of the Dungeon.
You visited 1 branch of the dungeon, and saw 5 of its levels.

You collected 249 gold pieces.

Inventory:

Hand Weapons
 a - a +0 war axe (weapon)
Armour
 b - a +0 scale mail (worn)
 p - a +2 cloak (worn)
Jewellery
 g - a ring of ice
 i - a +4 ring of protection (left hand)
 j - an amulet of regeneration (around neck)
 n - a ring of flight
 o - an amulet of the acrobat
 r - a +6 ring of strength
Wands
 v - a wand of mindburst (14)
Scrolls
 c - a scroll of noise {unknown}
 e - a scroll of teleportation {unknown}
 f - 4 scrolls of identify {unknown}
 k - a scroll of fear {unknown}
 q - a scroll of enchant weapon {unknown}
 s - a scroll of summoning {unknown}
 t - 2 scrolls of blinking {unknown}
Potions
 d - 2 potions of might
 h - 4 potions of heal wounds {unknown}
 l - 5 potions of curing {unknown}
 m - a potion of flight {unknown}
 u - a potion of degeneration {unknown}
 w - a potion of haste {unknown}


   Skills:
 + Level 5.0 Fighting
 + Level 6.1 Axes
 + Level 6.0 Armour
 + Level 2.2 Dodging
 + Level 0.8 Stealth
 + Level 4.2 Shields


You had 6 spell levels left.
You didn't know any spells.
Your spell library contained the following spells:

 Spells                   Type           Power      Damage    Failure   Level
 Beastly Appendage        Tmut           0%         N/A       78%         1
 Blink                    Tloc           0%         N/A       89%         2
 Momentum Strike          Conj/Tloc      0%         3d8       89%         2
 Wereblood                Tmut           0%         N/A       89%         2
 Lesser Beckoning         Tloc           0%         N/A       98%         3
 Spider Form              Tmut/Pois      0%         N/A       98%         3
 Malign Gateway           Summ/Tloc      0%         N/A       100%        7
 Summon Horrible Things   Summ           0%         N/A       100%        8


Dungeon Overview and Level Annotations

Branches:
Dungeon (5/15)             Temple (0/1) D:4

Altars:


Innate Abilities, Weirdness & Mutations

You have a pair of horns on your head.
You reflexively headbutt those who attack you in melee.


Message History

There are monsters nearby!
You barely miss the wight.
You headbutt the wight, but do no damage.
You closely miss the wight. You hit the wight but do no damage.
The wight hits you with a +0 scimitar.
You feel drained. The wight hits you with a +3 flail.
You feel drained. The wight hits you but does no damage.
There are monsters nearby!
You are too injured to fight recklessly!
Unknown command.
You are too injured to fight recklessly!
Unknown command.
You are too injured to fight recklessly!
Unknown command.
You are too injured to fight recklessly!
Unknown command.
You are too injured to fight recklessly!
You are too injured to fight recklessly!
You barely miss the wight. You slash the wight! You hit the wight.
The wight hits you with a +0 scimitar!
* * * LOW HITPOINT WARNING * * *
You feel drained.
* * * LOW HITPOINT WARNING * * *
The wight hits you with a +4 dagger.
* * * LOW HITPOINT WARNING * * *
You feel drained. The wight hits you with a +3 flail.
* * * LOW HITPOINT WARNING * * *
You feel drained.
You closely miss the wight. You hit the wight but do no damage. x2
The wight hits you but does no damage. x2; The wight closely misses you.
Unknown command.
The wight hits you with a +4 dagger.
* * * LOW HITPOINT WARNING * * *
You feel drained.
* * * LOW HITPOINT WARNING * * *
A wight comes into view. It is wielding a +0 flail.
The wight hits you with a +3 flail.
* * * LOW HITPOINT WARNING * * *
You feel drained.
You die...

#.................+
#.................#
#.................##
#.....)............#
..................#
...........?....$.#
....##..##..z.....#
...##..##..z....##
.. ..>....@z....#
.................
.................
..?..........###
##..##...##### #+#
#...# #.z.. .....


You could see 4 wights.

Vanquished Creatures
  2 phantoms (D:4)
  A necrophage (D:4)
  2 scorpions (D:4)
  A hound (D:3)
  A jelly (D:5)
  Crazy Yiuf (D:2)
  An iguana (D:4)
  4 adders
  A worm (D:2)
  A dart slug (D:2)
  3 orcs
  3 bats
  8 endoplasms
  6 giant cockroaches
  7 goblins
  7 hobgoblins
  2 jackals (D:4)
  9 kobolds
  3 quokkas
  6 ball pythons
  4 frilled lizards
  6 rats
79 creatures vanquished.

Vanquished Creatures (others)
  3 plants (D:4)
3 creatures vanquished.

Grand Total: 82 creatures vanquished

Notes
Turn   | Place    | Note
-------+----------+-------------------------------------------
     0 | D:1      | Iusername the Minotaur Fighter began the quest for the Orb.
     0 | D:1      | Reached XP level 1. HP: 19/19 MP: 0/0
   163 | D:1      | Reached XP level 2. HP: 25/27 MP: 1/1
   190 | D:1      | Found a faded altar of an unknown god.
   795 | D:2      | Reached XP level 3. HP: 33/33 MP: 2/2
   848 | D:2      | Found a runed translucent door.
   849 | D:2      | Noticed Crazy Yiuf
  1372 | D:2      | Killed Crazy Yiuf
  1373 | D:2      | Reached XP level 4. HP: 32/40 MP: 3/3
  1738 | D:3      | Reached skill level 1 in Dodging
  1738 | D:3      | Reached XP level 5. HP: 46/46 MP: 4/4
  2547 | D:4      | Reached skill level 5 in Axes
  2635 | D:4      | Reached skill level 5 in Armour
  2718 | D:4      | Found a staircase to the Ecumenical Temple.
  2806 | D:4      | Reached XP level 6. HP: 53/53 MP: 5/5
  2996 | D:4      | Reached XP level 7. HP: 41/60 MP: 6/6
  3074 | D:5      | Entered Level 5 of the Dungeon
  3093 | D:5      | Found Kuiziat's Antique Armour Shop.
  3191 | D:5      | Reached skill level 5 in Fighting
  3209 | D:5      | HP: 2/45 [wight/+4 dagger (2)]
  3210 | D:5      | Slain by a wight

Illustrated notes

Levels and vault maps discovered:
D:1:      eino_arrival_tree_alley, layout_loops_ring,
          hellmonk_ecumenical_altar_crossroads
D:2:      minmay_diamond_boxcup, layout_loops_ring, uniq_crazy_yiuf_cottage
D:3:      layout_basic
D:4:      layout_basic, temple_hall, serial_bayou_ford_a
D:5:      layout_gridville, serial_shops, shop_fountains

Skill      XL: |  1  2  3  4  5  6  7 |
---------------+----------------------+-----
Shields        | 4 |  4.2
Fighting       | 4 5 |  5.0
Armour         | 4 5 6 |  6.0
Axes           | 4 5 6 |  6.1
Dodging        | 1 2 |  2.2
Stealth        | |  0.8

Action                   |  1- 3 |  4- 6 |  7- 9 || total
-------------------------+-------+-------+-------++-------
Melee: War axe           |    82 |    93 |    14 ||   189
       Headbutt          |     4 |    11 |     1 ||    16
       Punch             |     1 |     1 |       ||     2
Armor: Scale mail        |    40 |    54 |    11 ||   105
Dodge: Dodged            |    38 |    51 |     4 ||    93
Block: Buckler           |     3 |       |       ||     3

Table legend: (Time is in decaauts)
 A = Elapsed time spent in this place.
 B = Non-inter-level travel time spent in this place.
 C = Inter-level travel time spent in this place.
 D = Time resting spent in this place.
 E = Time spent auto-exploring this place.
 F = Levels seen in this place.
 G = Mean time per level.
                   A        B        C        D        E       F      G
               +--------+--------+--------+--------+--------+-----+--------+
         Total |   3277 |   3052 |    225 |      0 |   2515 |   5 |  655.4 |
       Dungeon |   3277 |   3052 |    225 |      0 |   2515 |   5 |  655.4 |
               +--------+--------+--------+--------+--------+-----+--------+

Top non-repeatable levels by time:
     D:3: 900 daAuts
     D:2: 781 daAuts
     D:1: 764 daAuts
     D:4: 693 daAuts
     D:5: 138 daAuts
